 Dungeon Crawl Stone Soup version 0.22-a0-48-g8770677 (webtiles) character file.

1850 Klosterheim the Basher (level 9, -1/89 HPs)
             Began as an Ogre Hunter on Jan 7, 2018.
             Was a Follower of Uskayaw.
             Slain by a killer bee (7 damage)
             ... on level 7 of the Dungeon.
             The game lasted 00:18:14 (9264 turns).

Klosterheim the Basher (Ogre Hunter)                Turns: 9264, Time: 00:18:16

Health: -1/89      AC:  4    Str: 18    XL:     9   Next: 12%
Magic:  9/9        EV: 10    Int: 15    God:    Uskayaw [*.....]
Gold:   283        SH:  0    Dex:  9    Spells: 8/8 levels left

rFire    + . .     SeeInvis .   d - +1 giant spiked club
rCold    . . .     Gourm    .   (shield currently unavailable)
rNeg     . . .     Faith    .   e - +1 robe
rPois    +         Spirit   .   (helmet restricted)
rElec    .         Reflect  .   (no cloak)
rCorr    .         Harm     .   (gloves unavailable)
MR       .....                  (boots unavailable)
Stlth    +.........             (no amulet)
HPRegen  0.24/turn              t - ring of protection from fire
MPRegen  0.11/turn              h - ring of poison resistance

@: lethally poisoned (-1 -> -5)
A: large, unfitting armour, tough skin 1
a: Stomp, Renounce Religion


You were on level 7 of the Dungeon.
You worshipped Uskayaw.
Uskayaw was noncommittal.
You were near starving.

You visited 2 branches of the dungeon, and saw 8 of its levels.

You collected 283 gold pieces.

Inventory:

Hand Weapons
 b - a +0 hunting sling
 d - a +1 giant spiked club (weapon)
 k - a +2 whip of freezing
Missiles
 m - 4 large rocks
 o - 125 stones
 s - 2 javelins (quivered)
Armour
 e - a +1 robe (worn)
Jewellery
 g - an uncursed ring of wizardry {unknown}
 h - a ring of poison resistance (right hand)
 t - a ring of protection from fire (left hand)
Scrolls
 i - 4 scrolls of identify
 n - a scroll of amnesia
 p - 3 scrolls of remove curse
 q - 2 scrolls of fog
 u - a scroll of enchant armour
 v - a scroll of magic mapping {unknown}
Potions
 a - a potion of degeneration
 c - a potion of resistance
 j - a potion of brilliance
 l - 3 potions of curing
 r - a potion of might {unknown}
Books
 w - a book of Minor Magic

   Spells                             Type                      Level
   a - Magic Dart                     Conjuration                  1
   b - Blink                          Translocation                2
   c - Call Imp                       Summoning                    2
   d - Slow                           Hexes                        2
   e - Conjure Flame                  Conjuration/Fire             3
   f - Mephitic Cloud                 Conjuration/Poison/Air       3
Comestibles
 f - 8 rations


   Skills:
 - Level 6.0 Fighting
 * Level 9.4 Maces & Flails
 - Level 5.0 Throwing
 - Level 1.7 Dodging
 - Level 0.6 Stealth


You had 8 spell levels left.
You didn't know any spells.

Dungeon Overview and Level Annotations

Branches:
Dungeon (7/15)             Temple (1/1) D:5

Altars:
Cheibriados
Dithmenos
Fedhas
Gozag
Hepliaklqana
Kikubaaqudgha
Makhleb
Nemelex Xobeh
Okawaru
Qazlal
Ru
Trog
Uskayaw
Vehumet
Wu Jian
Xom
Yredelemnul
Zin
The Shining One

Annotations:
D:5 Eustachio


Innate Abilities, Weirdness & Mutations

You are too large for most types of armour.
You have tough skin. (AC +1)


Message History

Throwing (i - inventory. (,) - cycle):
s - 4 javelins (quivered)
Press: ? - help, Shift-Dir - straight line, f/p - killer bee
Aim: a killer bee (moderately wounded)
You throw a javelin. The javelin hits the killer bee.
The killer bee is heavily wounded.
You feel sick.
The killer bee stings you but does no damage.
The killer bee stings you.
* * * LOW HITPOINT WARNING * * *
Throwing (i - inventory. (,) - cycle):
s - 3 javelins (quivered)
Press: ? - help, Shift-Dir - straight line, f/p - killer bee
Aim: a killer bee (heavily wounded)
You throw a javelin. The javelin misses the killer bee.
The killer bee stings you.
* * * LOW HITPOINT WARNING * * *
The killer bee stings you.
* * * LOW HITPOINT WARNING * * *
You are more poisoned.
The killer bee poisons you! The killer bee stings you!
You die...

#.# #.. ..# #.#
#.############
#.##(..y@....#
#.##.#######.# .
####.##.#### #.# #.
#..........# #.#
...###.#####.##.# #.#
....).......y...# #.#
...#...#####.#######.#
#> #...#####.........#
# #...#..........####


You could see a killer bee.

Vanquished Creatures
  Pikel (D:4)
  Sigmund (D:4)
  A sky beast (D:6)
  4 slaves
  A centaur (D:5)
  4 ogres
  5 scorpions
  A crimson imp (D:6)
  2 hounds
  A centaur zombie (D:5)
  A gnoll shaman (D:6)
  Terence (D:2)
  2 iguanas
  A hound skeleton (D:4)
  Robin (D:2)
  A howler monkey skeleton (D:4)
  8 adders
  3 gnolls (D:6)
  2 shadow imps (D:5)
  An ooze (D:3)
  4 adder skeletons
  2 worms (D:2)
  4 dart slugs
  2 leopard geckos (D:6)
  4 orcs (D:3)
  A ball python (D:4)
  7 giant cockroaches
  16 goblins
  13 hobgoblins
  7 jackals
  3 quokkas
  8 bats
  5 frilled lizards
  3 kobolds
  7 rats
128 creatures vanquished.

Notes
Turn   | Place    | Note
-------+----------+-------------------------------------------
     0 | D:1      | Klosterheim the Ogre Hunter began the quest for the Orb.
     0 | D:1      | Reached XP level 1. HP: 22/22 MP: 1/1
   645 | D:1      | Reached XP level 2. HP: 31/31 MP: 2/2
   917 | D:2      | Reached XP level 3. HP: 14/39 MP: 3/3
  1759 | D:2      | Noticed an ogre
  1788 | D:2      | Killed an ogre
  1788 | D:2      | Reached skill level 5 in Fighting
  1788 | D:2      | Reached XP level 4. HP: 49/52 MP: 4/4
  1788 | D:2      | Reached XP level 5. HP: 56/59 MP: 5/5
  1815 | D:2      | Noticed Terence
  1826 | D:2      | Killed Terence
  1942 | D:2      | Noticed Robin
  1944 | D:2      | Killed Robin
  1944 | D:2      | Reached skill level 5 in Throwing
  2181 | D:2      | Reached skill level 1 in Maces & Flails
  3328 | D:3      | Reached skill level 2 in Maces & Flails
  3352 | D:3      | Reached XP level 6. HP: 59/67 MP: 6/6
  3736 | D:3      | Found a blossoming altar of Fedhas.
  3943 | D:4      | Reached skill level 3 in Maces & Flails
  4227 | D:4      | Noticed Pikel
  4228 | D:4      | Noticed a slave
  4228 | D:4      | Noticed a slave
  4228 | D:4      | Noticed a slave
  4231 | D:4      | Noticed a slave
  4252 | D:4      | Killed a slave
  4511 | D:3      | Killed a slave
  4865 | D:4      | Found a stormy altar of Qazlal.
  4988 | D:4      | Noticed Sigmund
  4994 | D:4      | Killed Sigmund
  4994 | D:4      | Reached skill level 4 in Maces & Flails
  4994 | D:4      | Reached XP level 7. HP: 65/75 MP: 7/7
  6083 | D:4      | Killed Pikel
  6083 | D:4      | Reached skill level 6 in Maces & Flails
  6083 | D:4      | Reached XP level 8. HP: 42/83 MP: 8/8
  6361 | D:5      | Entered Level 5 of the Dungeon
  6534 | D:5      | Reached skill level 7 in Maces & Flails
  7065 | D:5      | Found a staircase to the Ecumenical Temple.
  7125 | D:5      | Reached skill level 8 in Maces & Flails
  7261 | Temple   | Entered the Ecumenical Temple
  7359 | Temple   | Became a worshipper of Uskayaw the Reveler
  7484 | D:5      | Reached * piety under Uskayaw
  7491 | D:5      | Got a steaming falchion
  7564 | D:5      | Noticed Eustachio
  8023 | D:6      | Reached ** piety under Uskayaw
  8328 | D:6      | Reached skill level 9 in Maces & Flails
  8328 | D:6      | Reached XP level 9. HP: 53/89 MP: 9/9
  8715 | D:6      | Found an ornate altar of the Wu Jian Council.
  9264 | D:7      | Slain by a killer bee

Vault maps used:
D:1:      giann_bridges
D:2:      uniq_terence, uniq_robin
D:3:      fedhas_altar_4
D:4:      grunt_qazlal_sundering, uniq_sigmund, uniq_pikel
D:5:      minmay_temple_entry_fiery, first_ration, uniq_eustachio
D:6:      lemuel_round_altar, kennysheep_decorative_pillar
D:7:      grunt_livestock, uniq_duvessa
Temple:   minmay_temple_bridge_d

Skill      XL: |  1  2  3  4  5  6  7  8 |
---------------+-------------------------+-----
Fighting       | 3 4 5 6 |  6.0
Throwing       | 5 |  5.0
Maces & Flails | 2 4 6 9 |  9.4
Dodging        | |  1.7
Stealth        | |  0.6

Action                   |  1- 3 |  4- 6 |  7- 9 || total
-------------------------+-------+-------+-------++-------
Melee: Short sword       |    65 |       |       ||    65
       Giant club        |       |   156 |    37 ||   193
       Mace              |       |   117 |       ||   117
       Giant spiked club |       |       |    75 ||    75
       Whip              |       |       |    19 ||    19
 Fire: Hunting sling     |     5 |    12 |       ||    17
Throw: Large rock        |     7 |     6 |    15 ||    28
       Javelin           |     8 |    15 |     5 ||    28
       Throwing net      |     2 |     2 |     2 ||     6
       Tomahawk          |       |     4 |       ||     4
Invok: Line Pass         |       |       |     1 ||     1
  Use: Potion            |     2 |       |     1 ||     3
       Scroll            |       |     5 |     7 ||    12
 Stab: Sleeping          |     1 |     1 |     1 ||     3
       Distracted        |       |     1 |       ||     1
  Eat: Chunk             |     2 |     8 |     5 ||    15
       Ration            |       |     1 |     2 ||     3
Armor: Robe              |    13 |   128 |    41 ||   182
Dodge: Dodged            |    39 |   239 |    82 ||   360

Table legend:
 A = Spawn XP
 B = Non-spawn XP
 C = Spawn XP percentage of total XP
 D = Spawn monster count
 E = Non-spawn monster count
 F = Spawn count percentage of total count
 G = Total turns spent on level
                    A         B        C        D         E        F      G
               +---------+---------+-------+---------+---------+-------+---------
         Total |       0 |    2643 |   0.0 |       0 |     124 |   0.0 |  9264
               +---------+---------+-------+---------+---------+-------+---------
           D:1 |       0 |      10 |   0.0 |       0 |       7 |   0.0 |   694
           D:2 |       0 |     263 |   0.0 |       0 |      40 |   0.0 |  2263
           D:3 |       0 |      87 |   0.0 |       0 |      29 |   0.0 |  1447
           D:4 |       0 |    1039 |   0.0 |       0 |      18 |   0.0 |  2363
           D:5 |       0 |     611 |   0.0 |       0 |      15 |   0.0 |  1065
           D:6 |       0 |     506 |   0.0 |       0 |      14 |   0.0 |  1210
           D:7 |       0 |     127 |   0.0 |       0 |       1 |   0.0 |    55
               +---------+---------+-------+---------+---------+-------+---------
